 Dungeon Crawl Stone Soup version 0.31.0-11-ge490571c62 (webtiles) character file.

Game seed: 2626083981147668543

64 qw the Shooter (level 3, -1/20 HPs)
             Began as a Deep Elf Hunter on Feb 3, 2024.
             Slain by a jackal (3 damage)
             ... on level 2 of the Dungeon.
             The game lasted 00:00:20 (970 turns).

qw the Shooter (Deep Elf Hunter)                     Turns: 970, Time: 00:00:21

Health: -1/20      AC:  5    Str: 10    XL:     3   Next: 91%
Magic:  5/5        EV: 11    Int: 13    God:
Gold:   154        SH:  0    Dex: 18    Spells: 2/2 levels left

rFire   . . .        a - +0 shortbow
rCold   . . .        (shield currently unavailable)
rNeg    . . .        g - +0 ring mail
rPois   .            (no helmet)
rElec   .            (no cloak)
rCorr   .            (no gloves)
SInv    .            (no boots)
Will    .....        (no amulet)
Stlth   +            (no ring)
HPRegen 0.23/turn    (no ring)
MPRegen 0.09/turn

%: no passive effects
@: no status effects
A: no striking features
a: no special abilities


You were on level 2 of the Dungeon.
You visited 1 branch of the dungeon, and saw 2 of its levels.

You collected 154 gold pieces.


   Skills:
 - Level 1.5 Fighting
 + Level 7.3 Ranged Weapons
 - Level 2.4 Dodging
 - Level 1.2 Stealth


You had 2 spell levels left.
You didn't know any spells.
Your spell library was empty.

Inventory:

Hand Weapons
 a - a +0 shortbow (weapon)
Armour
 g - a +0 ring mail (worn)
Scrolls
 c - a scroll of summoning {unknown}
Potions
 b - 2 potions of mutation {unknown}
 d - 2 potions of haste
 j - a potion of cancellation

Dungeon Overview and Level Annotations

Branches:
Dungeon (2/15)

Altars:
Vehumet


Message History

The jackal closely misses you. The jackal bites you.
The jackal closely misses you. The adder closely misses you.
The jackal barely misses you.
You shoot an arrow. The arrow hits the adder!
You kill the adder!
You feel sick. The jackal closely misses you.
The jackal bites you but does no damage. x4
A jackal comes into view.
You shoot an arrow. The arrow barely misses the jackal.
You feel sick. The jackal barely misses you. The jackal bites you.
The jackal barely misses you.
The jackal bites you but does no damage. x2
The jackal bites you. x2
You shoot an arrow. The arrow barely misses the jackal.
You feel sick.
You are no longer poisoned.
The jackal closely misses you. The jackal barely misses you.
The jackal closely misses you. The jackal barely misses you.
The jackal bites you. The jackal closely misses you.
You shoot an arrow.
The arrow hits the jackal but does no damage.
The jackal barely misses you.
The jackal bites you but does no damage.
The jackal barely misses you. The jackal completely misses you.
The jackal barely misses you.
The jackal bites you but does no damage.
The jackal barely misses you. The jackal misses you.
You shoot an arrow. The arrow closely misses the jackal.
The jackal bites you but does no damage.
The jackal misses you. The jackal completely misses you.
The jackal closely misses you. x2
You shoot an arrow. The arrow closely misses the jackal.
The jackal misses you.
The jackal bites you but does no damage.
The jackal closely misses you.
The jackal bites you but does no damage. x2
The jackal bites you. The jackal closely misses you.
You shoot an arrow. The arrow barely misses the jackal.
The jackal bites you.
The jackal closely misses you. x2; The jackal bites you.
You die...

.... .... .. .? ..... ...
.... ..... ...# #....
..... .#..# #..... .....
.....# # #....:. <....
......# .#....... ....)
####^.h#####........ .....
.....hh@............
..%##.#
######hh............
........####
#.....%........ #####
#....# ##.............
##########.###
##...........)
...##........#
#.###.###....
...##........## #.# #..#
####
...##.........###.####..#
...............##....##...


You could see 5 jackals.

Vanquished Creatures
  3 adders (D:2)
  3 ball pythons
  5 bats
  3 endoplasms
  A giant cockroach (D:2)
  3 goblins
  2 hobgoblins (D:2)
  2 jackals (D:2)
  4 kobolds (D:2)
  A quokka (D:1)
  3 frilled lizards (D:1)
  6 rats
36 creatures vanquished.

Notes
Turn   | Place    | Note
-------+----------+-------------------------------------------
     0 | D:1      | qw the Deep Elf Hunter began the quest for the Orb.
     0 | D:1      | Reached XP level 1. HP: 12/12 MP: 3/3
     0 | D:1      | 0 ||| qw: Version: 0.3-a-155-g5e7d8dd
     0 | D:1      | 0 ||| qw: Game counter: 3255
     0 | D:1      | 0 ||| qw: Melee chars always use a shield: true
     0 | D:1      | 0 ||| qw: God list: Okawaru
     0 | D:1      | 0 ||| qw: Allow faded altars: false
     0 | D:1      | 0 ||| qw: Do Orc after clearing Dungeon:15 true
     0 | D:1      | 0 ||| qw: Do second Lair branch before Depths: true
     0 | D:1      | 0 ||| qw: Lair rune preference: random
     0 | D:1      | 0 ||| qw: Goals: Normal
     0 | D:1      | 0 ||| PLANNING D:1-11
   433 | D:1      | Reached skill level 6 in Ranged Weapons
   433 | D:1      | Reached XP level 2. HP: 16/16 MP: 4/4
   671 | D:1      | Found a radiant altar of Vehumet.
   675 | D:1      | 675 ||| UPGRADING to +0 ring mail.
   685 | D:1      | 685 ||| DROPPING +0 leather armour.
   686 | D:1      | 686 ||| READING scroll labelled IRAT YDILUTH.
   687 | D:1      | 687 ||| READING scroll labelled VAL ATEHUWNAUWEO.
   692 | D:1      | 692 ||| READING 2 scrolls labelled ROMPUF HIGOPOI.
   692 | D:1      | 692 ||| IDENTIFYING inky potion
   693 | D:1      | 693 ||| READING scroll of identify.
   693 | D:1      | 693 ||| IDENTIFYING yellow potion
   694 | D:1      | 694 ||| READING scroll labelled OVOSMICAJY.
   695 | D:1      | 695 ||| READING scroll labelled EXTALU HACHA.
   696 | D:1      | 696 ||| DROPPING scroll of butterflies.
   768 | D:2      | 768 ||| RETREEEEATING.
   769 | D:2      | 769 ||| RETREEEEATING.
   777 | D:2      | Reached XP level 3. HP: 20/20 MP: 5/5
   812 | D:2      | Reached skill level 7 in Ranged Weapons
   966 | D:2      | HP: 4/20 [jackal (3)]
   970 | D:2      | Slain by a jackal

Levels and vault maps discovered:
D:1:      dpeg_arrival_water_altar, layout_basic
D:2:      layout_rooms, shapermc_ecumenical_altar_rom_forum, nicolae_half_adder

Skill      XL: |  1  2  3 |
---------------+----------+-----
Ranged Weapons | 6 7 |  7.3
Fighting       | |  1.5
Dodging        | |  2.4
Stealth        | |  1.2

Action                     || total
---------------------------++-------
   Fire: Shortbow          ||   105
    Use: Scroll            ||     6
 Armour: Leather armour    ||    15
         Ring mail         ||    36
  Dodge: Dodged            ||    56

Table legend:
 A = Non-vault XP
 B = Vault XP
 C = Vault XP percentage of total XP
 D = Non-vault monster count
 E = Vault monster count
 F = Vault count percentage of total count
                 A         B        C        D         E       F
            +---------+---------+-------+---------+---------+-------
      Total |      65 |      27 |  29.3 |      34 |       2 |   5.6
            +---------+---------+-------+---------+---------+-------
        D:1 |      20 |       0 |   0.0 |      14 |       0 |   0.0
        D:2 |      45 |      27 |  37.5 |      20 |       2 |   9.1
            +---------+---------+-------+---------+---------+-------
